 Dungeon Crawl Stone Soup version 0.30-a0-154-gb106f4c828 (webtiles) character file.

Game seed: 7504684527724735489

154 Aibolit the Sneak (level 5, -3/30 HPs)
             Began as a Kobold Brigand on Sept 27, 2022.
             Was a Follower of Nemelex Xobeh.
             Killed from afar by Terence (7 damage)
             ... with a puff of flame
             ... while paralysed by Grinder
             ... on level 3 of the Dungeon.
             The game lasted 00:07:14 (2448 turns).

Aibolit the Sneak (Kobold Brigand)                  Turns: 2448, Time: 00:07:15

Health: -3/30      AC:  4    Str:  8    XL:     5   Next: 62%
Magic:  5/5        EV:  3    Int: 13    God:    Nemelex Xobeh [*.....]
Gold:   98         SH:  0    Dex: 18    Spells: 4/4 levels left

rFire   . . .      SeeInvis .    a - +2 dagger
rCold   . . .      Faith    .    (no shield)
rNeg    . . .      Spirit   .    b - +0 robe
rPois   .          Reflect  .    (no helmet)
rElec   .          Harm     .    c - +0 cloak
rCorr   .          Rampage  .    k - +0 pair of gloves
Will    .....                    (no boots)
Stlth   ++++......               h - amulet of regeneration
HPRegen 0.90/turn                (no ring)
MPRegen 0.09/turn                (no ring)

@: paralysed, weak-willed
A: small, no large weapons, nightstalker 3
a: Renounce Religion, Draw Escape, Draw Destruction, Draw Summoning


You were on level 3 of the Dungeon.
You worshipped Nemelex Xobeh.
Nemelex Xobeh was aware of your devotion.
You visited 1 branch of the dungeon, and saw 3 of its levels.

You collected 98 gold pieces.

Inventory:

Hand Weapons
 a - a +2 dagger (weapon)
Missiles
 d - 2 poisoned darts
 e - 2 curare-tipped darts
Armour
 b - a +0 robe (worn)
 c - a +0 cloak (worn)
 k - a +0 pair of gloves (worn)
Jewellery
 h - an amulet of regeneration (around neck)
Wands
 n - a wand of roots (8)
Scrolls
 f - a scroll of amnesia
 g - a scroll of immolation {unknown}
 m - a scroll of vulnerability
 t - a scroll of summoning {unknown}
 u - 2 scrolls of noise {unknown}
 w - a scroll of blinking
Potions
 i - a potion of mutation {unknown}
 l - a potion of haste
 o - a potion of attraction {unknown}
 p - a potion of lignification {unknown}
 q - a potion of heal wounds
 v - a potion of magic {unknown}


   Skills:
 + Level 2.2 Fighting
 * Level 4.4 Short Blades
 + Level 3.6 Throwing
 * Level 2.4 Dodging
 + Level 6.4 Stealth


You had 4 spell levels left.
You didn't know any spells.
Your spell library contained the following spells:

 Spells                   Type           Power      Damage    Failure   Level
 Gell's Gravitas          Tloc           0%         N/A       67%         3
 Lesser Beckoning         Tloc           0%         N/A       67%         3
 Teleport Other           Tloc           0%         N/A       67%         3


Dungeon Overview and Level Annotations

Branches:
Dungeon (3/15)

Altars:
Nemelex Xobeh

Annotations:
D:3 Grinder, Ijyb, Terence


Innate Abilities, Weirdness & Mutations

You are small and have problems with some larger weapons.
You are completely attuned to the shadows.


Message History

You hit the kobold.
You kill the kobold!
You completely miss Grinder. Grinder hits you but does no damage.
You barely miss Grinder. Grinder completely misses you.
You closely miss Grinder. Grinder hits you but does no damage.
You hit Grinder. You punch Grinder, but do no damage.
Grinder is lightly wounded.
You hit Grinder.
Grinder is lightly wounded.
Grinder barely misses you.
Terence zaps a wand.
The puff of flame hits you!
You barely miss Grinder.
Grinder is lightly wounded.
Grinder barely misses you.
Terence zaps a wand.
The puff of flame hits you!
You are too injured to fight recklessly!
Grinder attacks as you move away! Grinder misses you.
Terence shouts, "Now you die!"
Terence hits you from afar with a +0 trident.
Grinder attacks as you move away! Grinder barely misses you.
Grinder blinks!
Terence zaps a wand.
The puff of flame hits you!
* * * LOW HITPOINT WARNING * * *
You feel better. Grinder gestures at you.
You barely resist.
Really read the scroll of vulnerability?
Okay, then.
Read: 2 scrolls of vulnerability
Press: ? - help, Q - select action, (/) - cycle Dir - look around, f - activate
As you read the scroll of vulnerability, it crumbles to dust.
Magic quickly surges around you.
Grinder says, "There's only one good use for a tongue: cutting it out."
Grinder gestures at you.
You suddenly lose the ability to move!
Terence zaps a wand.
The puff of flame hits you. Grinder gestures at you.
You shrug off the repeated paralysis!
Terence hits you from afar with a +0 trident!
* * * LOW HITPOINT WARNING * * *
Terence zaps a wand.
The puff of flame hits you!
You die...
Your body glows slightly and disappears.

.....# #......... .......#
#......... .......#
#.........
.!.....############.......#
.....<...........).........
((......######...######.#.#
........@.###..### .#
?......##..#..## ##
.......###@..##
####.###..5..... #.#
#.#...### #.###.#..##
###..##....# #.......
#....... #....... #.......


You could see Grinder (weak-willed) and Terence (weak-willed).

Vanquished Creatures
  Jessica (D:2)
  Natasha (twice) (D:2)
  3 adders (D:2)
  A worm (D:3)
  A dart slug (D:1)
  5 ball pythons
  2 bats (D:1)
  4 endoplasms
  4 giant cockroaches
  6 hobgoblins
  2 jackals (D:1)
  4 kobolds
  2 quokkas
  3 frilled lizards
  4 goblins
  2 rats
46 creatures vanquished.

Notes
Turn   | Place    | Note
-------+----------+-------------------------------------------
     0 | D:1      | Aibolit the Kobold Brigand began the quest for the Orb.
     0 | D:1      | Reached XP level 1. HP: 12/12 MP: 1/1
   144 | D:1      | Reached XP level 2. HP: 17/17 MP: 2/2
   682 | D:1      | Found a faded altar of an unknown god.
   780 | D:1      | Reached skill level 6 in Stealth
   780 | D:1      | Reached XP level 3. HP: 21/21 MP: 3/3
  1210 | D:1      | Prayed at the altar of an unknown god.
  1210 | D:1      | Became a worshipper of Nemelex Xobeh the Trickster
  1210 | D:1      | Reached * piety under Nemelex Xobeh
  1496 | D:2      | Reached XP level 4. HP: 24/26 MP: 4/4
  1560 | D:2      | Noticed Natasha
  1569 | D:2      | Killed Natasha
  1767 | D:2      | Received a gift from Nemelex Xobeh
  1906 | D:2      | Noticed Jessica
  1910 | D:2      | Killed Jessica
  1911 | D:2      | Reached XP level 5. HP: 30/30 MP: 5/5
  1922 | D:2      | Noticed Natasha
  1943 | D:2      | Killed Natasha
  2304 | D:3      | Noticed Ijyb
  2307 | D:3      | Noticed Terence
  2308 | D:3      | Noticed Grinder
  2446 | D:3      | Paralysed by Grinder for 5 turns
  2448 | D:3      | Killed from afar by Terence

Illustrated notes

Levels and vault maps discovered:
D:1:      scummos_arrival_simple_crosswalls, layout_basic,
          hellmonk_ecumenical_altar_crossroads
D:2:      layout_basic, uniq_natasha, uniq_jessica
D:3:      layout_rooms, overflow_temple_1_default, uniq_grinder, uniq_terence,
          uniq_ijyb

Skill      XL: |  1  2  3  4 |
---------------+-------------+-----
Short Blades   | 3 4 |  4.4
Stealth        | 6 |  6.4
Throwing       | 3 |  3.6
Dodging        | 2 |  2.4
Fighting       | |  2.2

Action                   |  1- 3 |  4- 6 || total
-------------------------+-------+-------++-------
Melee: Dagger            |    45 |    59 ||   104
       Punch             |     1 |     2 ||     3
Throw: Dart              |    93 |    45 ||   138
Invok: Draw Destruction  |       |     1 ||     1
  Use: Scroll            |       |     7 ||     7
       Potion            |       |     4 ||     4
 Stab: Sleeping          |       |     2 ||     2
       Invisible         |       |     2 ||     2
Armor: Robe              |    18 |    10 ||    28
Dodge: Dodged            |    49 |    53 ||   102

Table legend: (Time is in decaauts)
 A = Elapsed time spent in this place.
 B = Non-inter-level travel time spent in this place.
 C = Inter-level travel time spent in this place.
 D = Time resting spent in this place.
 E = Time spent auto-exploring this place.
 F = Levels seen in this place.
 G = Mean time per level.
                   A        B        C        D        E       F      G
               +--------+--------+--------+--------+--------+-----+--------+
         Total |   2418 |   2121 |    297 |    254 |   1472 |   3 |  806.0 |
       Dungeon |   2418 |   2121 |    297 |    254 |   1472 |   3 |  806.0 |
               +--------+--------+--------+--------+--------+-----+--------+

Top non-repeatable levels by time:
     D:1: 1313 daAuts
     D:2: 938 daAuts
     D:3: 166 daAuts
